 Dungeon Crawl Stone Soup version 0.31-a0-949-g57150269e1 (webtiles) character file.

Game seed: 15468948931778512252

105 Zonian the Magician (level 4, -3/24 HPs)
             Began as a Deep Elf Hedge Wizard on Oct 23, 2023.
             Was a Follower of Lugonu.
             Slain by Grinder (9 damage)
             ... while paralysed by Grinder
             ... on level 3 of the Dungeon.
             The game lasted 00:03:44 (3660 turns).

Zonian the Magician (Deep Elf Hedge Wizard)         Turns: 3660, Time: 00:03:45

Health: -3/24      AC:  2    Str:  7    XL:     4   Next: 54%
Magic:  3/12       EV:  2    Int: 21    God:    Lugonu [*.....]
Gold:   136        SH:  0    Dex: 14    Spells: 11/12 levels left

rFire   . . .        a - +0 dagger
rCold   . . .        (no shield)
rNeg    . . .        b - +0 robe
rPois   .            c - +0 hat
rElec   .            (no cloak)
rCorr   .            (no gloves)
SInv    .            (no boots)
Will    .....        (no amulet)
Stlth   ++           (no ring)
HPRegen 0.24/turn    (no ring)
MPRegen 0.13/turn

%: no passive effects
@: paralysed, very slightly contaminated
A: no striking features
a: Renounce Religion, Depart the Abyss


You were on level 3 of the Dungeon.
You worshipped Lugonu.
Lugonu was aware of your devotion.
You visited 1 branch of the dungeon, and saw 3 of its levels.

You collected 136 gold pieces.

Inventory:

Hand Weapons
 a - a +0 dagger (weapon)
Armour
 b - a +0 robe (worn)
 c - a +0 hat (worn)
Wands
 l - a wand of roots (4)
Scrolls
 e - 2 scrolls of identify {unknown}
 f - a scroll of enchant weapon {unknown}
 g - a scroll of revelation {unknown}
 h - a scroll of teleportation {unknown}
 i - a scroll of fear {unknown}
 k - a scroll of enchant armour {unknown}
Potions
 d - a potion of magic
 j - a potion of might {unknown}
 m - a potion of degeneration {unknown}


   Skills:
 - Level 2.9 Dodging
 - Level 2.9 Stealth
 - Level 4.6 Spellcasting
 + Level 3.8 Conjurations
 - Level 1.5 Summonings
 - Level 1.5 Translocations


You had 11 spell levels left.
You knew the following spells:

 Your Spells              Type           Power      Damage    Failure   Level
a - Magic Dart            Conj           84%        1d7       2%          1

Your spell library contained the following spells:

 Spells                   Type           Power      Damage    Failure   Level
 Blink                    Tloc           22%        N/A       9%          2
 Call Imp                 Summ           22%        N/A       9%          2
 Slow                     Hex            16%        N/A       12%         1
 Cigotuvi's Dreadful Rot  Necr/Pois/Air  8%         N/A       17%         2
 Mephitic Cloud           Conj/Pois/Air  10%        N/A       21%         3


Dungeon Overview and Level Annotations

Branches:
Dungeon (3/15)

Altars:
Lugonu

Annotations:
D:3 Grinder


Message History

Grinder says, "You look like you could use a good racking."
You miscast Magic Dart.
You are very lightly contaminated with residual magic.
Nothing appears to happen.
Grinder blinks!
Unknown command.
The magic dart hits the hobgoblin!
You kill the hobgoblin!
Lugonu accepts your kill.
The magic dart hits Grinder.
Grinder is heavily wounded.
The magic dart hits Grinder.
Grinder is severely wounded.
Unknown command.
You miscast Magic Dart.
Nothing appears to happen.
The magic dart hits Grinder but does no damage.
Grinder is severely wounded.
The magic dart hits Grinder.
Grinder is severely wounded.
Grinder closely misses you.
Unknown command.
Aiming: Fastroot
Press: ? - help, Shift-Dir - straight line, f/p - Grinder
Aim: Grinder (severely wounded)
The roots erupt in riotous growth!
Roots grab Grinder.
The grasping roots constrict Grinder.
Grinder gestures at you.
You suddenly lose the ability to move!
The grasping roots constrict Grinder!
The roots release their grip on Grinder.
Grinder gestures at you.
You barely resist.
Grinder says, "There's only one good use for a tongue: cutting it out."
Grinder gestures at you. Pain shoots through your body! Grinder hits you.
* * * LOW HITPOINT WARNING * * *
Grinder hits you!
You die...
Grinder says, "Now the real fun starts!"

....... . .>.. ######. ...
#...... ... #.....# #†#
#.....# #.#
#.....####5##.#..#
#.........@.......
#.....####.#####.# #.....#
#.# #... #.....####.# ##
#... #.......##.# .. #...
#.....#.##.# #.#####.##...
#.....#.##.# #.....#......
#.....#.##.##.#####.###....
#######.##.##.........#....


You could see Grinder.

Vanquished Creatures
  Jessica (D:3)
  3 adders
  A dart slug (D:2)
  An orc (D:2)
  5 endoplasms
  3 giant cockroaches
  3 goblins
  8 hobgoblins
  3 jackals (D:1)
  A quokka (D:1)
  6 ball pythons
  5 bats
  A frilled lizard (D:1)
  4 kobolds
  3 rats
48 creatures vanquished.

Notes
Turn   | Place    | Note
-------+----------+-------------------------------------------
     0 | D:1      | Zonian the Deep Elf Hedge Wizard began the quest for the
                  | Orb.
     0 | D:1      | Reached XP level 1. HP: 10/10 MP: 7/7
   287 | D:1      | Reached XP level 2. HP: 4/15 MP: 2/9
  1769 | D:2      | Reached XP level 3. HP: 19/19 MP: 3/11
  2403 | D:2      | Found a faded altar of an unknown god.
  2421 | D:2      | Prayed at the altar of an unknown god.
  2421 | D:2      | Became a worshipper of Lugonu the Unformed
  2421 | D:2      | Reached * piety under Lugonu
  3237 | D:3      | Noticed Jessica
  3241 | D:3      | Killed Jessica
  3242 | D:3      | Reached XP level 4. HP: 2/24 MP: 8/12
  3643 | D:3      | Noticed Grinder
  3656 | D:3      | Paralysed by Grinder for 5 turns
  3660 | D:3      | Slain by Grinder

Illustrated notes

Levels and vault maps discovered:
D:1:      heliophobic_arrival_enchanted_forest, layout_basic,
          due_unseen_surprise
D:2:      layout_basic, shapermc_ecumenical_altar_ellora
D:3:      layout_basic, mainiacjoe_overflow_paths, uniq_crazy_yiuf_cottage,
          uniq_grinder, uniq_jessica

Skill      XL: |  1  2  3 |
---------------+----------+-----
Conjurations   | 3 |  3.8
Dodging        | |  2.9
Stealth        | |  2.9
Spellcasting   | |  4.6
Summonings     | |  1.5
Translocations | |  1.5

Action                     |  1- 3 |  4- 6 || total
---------------------------+-------+-------++-------
  Melee: Dagger            |    37 |       ||    37
   Cast: Magic Dart        |   106 |    20 ||   126
  Evoke: Wand              |     1 |     2 ||     3
 Armour: Robe              |    22 |     3 ||    25
  Dodge: Dodged            |    48 |     2 ||    50

Table legend: (Time is in decaauts)
 A = Elapsed time spent in this place.
 B = Non-inter-level travel time spent in this place.
 C = Inter-level travel time spent in this place.
 D = Time resting spent in this place.
 E = Time spent auto-exploring this place.
 F = Levels seen in this place.
 G = Mean time per level.
                   A        B        C        D        E       F      G
               +--------+--------+--------+--------+--------+-----+--------+
         Total |   3659 |   3636 |     23 |    908 |   2417 |   3 | 1219.7 |
       Dungeon |   3659 |   3636 |     23 |    908 |   2417 |   3 | 1219.7 |
               +--------+--------+--------+--------+--------+-----+--------+

Top non-repeatable levels by time:
     D:2: 1665 daAuts
     D:1: 1547 daAuts
     D:3: 446 daAuts
